 Dungeon Crawl Stone Soup version 0.19-a0-1738-gbb2db12 (webtiles) character file.

11356 Flanowski the Covert (level 11, -8/56 HPs)
             Began as a Vine Stalker Enchanter on Oct 1, 2016.
             Was a Believer of Dithmenos.
             Mangled by a four-headed hydra (11 damage)
             ... on level 1 of the Lair of Beasts.
             The game lasted 00:37:13 (10807 turns).

Flanowski the Covert (Vine Stalker Enchanter)      Turns: 10807, Time: 00:37:13

Health: -8/56      AC:  6    Str: 21    XL:     11   Next: 76%
Magic:  0/22       EV: 17    Int: 15    God:    Dithmenos [**....]
Gold:   702        SH:  2    Dex: 18    Spells: 5 memorised, 11 levels left

rFire  + . .     SeeInvis .     G - +10 rapier of Discretion {pierce, *Slow rPois rF+ Str+8}
rCold  + . .     Gourm    .     b - +1 robe
rNeg   . . .     Faith    .     (no shield)
rPois  +         Spirit   +     (no helmet)
rElec  .         Dismiss  .     (no cloak)
rCorr  .         Reflect  +     T - +1 pair of gloves "Untafem" {Str+2}
MR     +....     Harm     .     I - +0 pair of boots
Stlth  +++++++...               o - +2 amulet of reflection
                                Q - ring of protection from cold
                                x - ring of poison resistance

@: about to teleport, wreathed by umbra
A: fangs 3, regeneration 1, magic shield, antimagic bite, no device heal 3, rot
immunity
a: Shadow Step, Renounce Religion


You were on level 1 of the Lair of Beasts.
You worshipped Dithmenos.
Dithmenos was pleased with you.
You were not hungry.

You visited 3 branches of the dungeon, and saw 12 of its levels.

You collected 702 gold pieces.

Inventory:

Hand Weapons
 a - a +1 dagger
 G - the +10 rapier of Discretion (weapon) {pierce, *Slow rPois rF+ Str+8}
   (You found it on level 9 of the Dungeon)

   It inflicts extra damage upon your enemies.
   It affects your strength (+8).
   It protects you from fire.
   It protects you from poison.
   It may slow you when you take damage.
 N - a +1 dagger
Armour
 b - a +1 robe (worn)
 m - a +0 pair of gloves
 I - a +0 pair of boots (worn)
 T - the +1 pair of gloves "Untafem" (worn) {Str+2}
   (You found it on level 9 of the Dungeon)

   It affects your strength (+2).
Jewellery
 o - a +2 amulet of reflection (around neck)
 x - a ring of poison resistance (left hand)
 Q - a ring of protection from cold (right hand)
Wands
 y - a wand of hasting (4/9)
 B - a wand of lightning (6/15)
 J - a wand of slowing (16/48)
 L - a wand of digging (6/24)
Scrolls
 e - a scroll of vulnerability {unknown}
 h - 4 scrolls of teleportation
 p - 5 scrolls of remove curse
 w - 3 scrolls of recharging
 D - 4 scrolls of amnesia
 E - a scroll of enchant weapon
 F - a scroll of random uselessness
 O - 2 scrolls of magic mapping {unknown}
 P - 3 scrolls of identify
 V - a scroll of torment {unknown}
Potions
 i - a potion of brilliance
 j - a potion of mutation
 l - 2 potions of ambrosia
 n - 2 potions of heal wounds
 q - a potion of invisibility
 r - a potion of cancellation
 s - 2 potions of resistance
 u - a potion of flight {unknown}
 v - 2 potions of agility
 z - 2 potions of berserk rage
 A - a potion of magic
 X - a potion of might
Books
 c - a book of Maledictions

   Spells                             Type                      Level
   a - Corona                         Hexes                        1
   b - Ensorcelled Hibernation        Hexes/Ice                    2
   c - Confuse                        Hexes                        3
   d - Tukima's Dance                 Hexes                        3
   e - Dazzling Spray                 Conjuration/Hexes            3
 H - a book of Frost

   Spells                             Type                      Level
   a - Freeze                         Ice                          1
   b - Throw Frost                    Conjuration/Ice              2
   c - Ozocubu's Armour               Charms/Ice                   3
   d - Throw Icicle                   Conjuration/Ice              4
   e - Summon Ice Beast               Ice/Summoning                4
 K - a book of Geomancy

   Spells                             Type                      Level
   a - Sandblast                      Earth                        1
   b - Passwall                       Transmutation/Earth          2
   c - Stone Arrow                    Conjuration/Earth            3
   d - Petrify                        Transmutation/Earth          4
   e - Lee's Rapid Deconstruction     Earth                        5
 R - a book of Air

   Spells                             Type                      Level
   a - Shock                          Conjuration/Air              1
   b - Swiftness                      Charms/Air                   2
   c - Repel Missiles                 Charms/Air                   2
   d - Static Discharge               Conjuration/Air              3
   e - Lightning Bolt                 Conjuration/Air              5
 U - a book of Minor Magic

   Spells                             Type                      Level
   a - Magic Dart                     Conjuration                  1
   b - Blink                          Translocation                2
   c - Call Imp                       Summoning                    2
   d - Repel Missiles                 Charms/Air                   2
   e - Slow                           Hexes                        2
   f - Conjure Flame                  Conjuration/Fire             3
   g - Mephitic Cloud                 Conjuration/Poison/Air       3
 Y - a book of Cantrips

   Spells                             Type                      Level
   a - Confusing Touch                Hexes                        1
   b - Animate Skeleton               Necromancy                   1
   c - Summon Small Mammal            Summoning                    1
   d - Apportation                    Translocation                1
Comestibles
 d - 10 bread rations
 f - 2 meat rations
 g - a chunk of flesh
 k - 8 fruits
 t - 6 beef jerkies
 C - 8 slices of pizza


   Skills:
 + Level 5.5 Fighting
 + Level 8.0 Short Blades
 + Level 6.3 Dodging
 + Level 11.2 Stealth
 + Level 6.8 Spellcasting
 + Level 0.6 Conjurations
 * Level 7.2 Hexes
 - Level 3.9 Ice Magic


You had 11 spell levels left.
You knew the following spells:

 Your Spells              Type           Power        Failure   Level  Hunger
a - Corona                Hex            ####...      1%          1    None
b - Ensorcelled Hibernat  Hex/Ice        ###...       1%          2    None
c - Confuse               Hex            ####....     2%          3    ##.....
d - Tukima's Dance        Hex            ####....     2%          3    ##.....
e - Dazzling Spray        Conj/Hex       ###...       10%         3    ##.....


Dungeon Overview and Level Annotations

Branches:
Dungeon (10/15)            Temple (1/1) D:6            Lair (1/6) D:9
    Orc: D:9-12

Altars:
Ashenzari
Cheibriados
Dithmenos
Elyvilon
Fedhas
Gozag
Hepliaklqana
Kikubaaqudgha
Makhleb
Okawaru
Qazlal
Ru
Sif Muna
Trog
Uskayaw
Vehumet
Xom
Yredelemnul
Zin
The Shining One

Shops:
D:9 :%[   D:10 *


Innate Abilities, Weirdness & Mutations

You have razor-sharp teeth.
Your natural rate of healing is unusually fast.
When hurt, damage is shared between your health and your magic reserves.
Your bite disrupts and absorbs the magic of your enemies.
Potions and wands cannot restore your health.
You are immune to rotting.


Message History

Aim: a four-headed hydra (umbra, chance to defeat MR: 19%)
The four-headed hydra resists with almost no effort.
The four-headed hydra bites you!
The four-headed hydra completely misses you.
The four-headed hydra bites you!
* * * LOW HITPOINT WARNING * * *
The four-headed hydra completely misses you.
The four-headed hydra closely misses you.
The four-headed hydra bites you!
* * * LOW HITPOINT WARNING * * *
The four-headed hydra misses you. The four-headed hydra bites you!
* * * LOW HITPOINT WARNING * * *
Okay, then.
Okay, then.
As you read the scroll of teleportation, it crumbles to dust.
You feel strangely unstable.
You block the four-headed hydra's attack.
The four-headed hydra closely misses you.
The four-headed hydra bites you!
You die...

##.......#.....#....##.....##....
#.......P.....#....##.....##....
#.......P..).......##...........
#.............P...}........+....
#.......#.....#....##.....##....
##.......#.....#....P#####.##....
#........##..##.....######'##....
.................................
................@................
................D................
.....................###.###.....
.......#########.....#######.....
.......# #......#...##.....
.......# #.....##...##.....
.......# #...........#.....
.......# #.....##...#......
.......# ...##.....##...##.....


You could see a four-headed hydra.

Vanquished Creatures
  A hydra (Lair:1)
  Nergalle (Lair:1)
  The ghost of Geomchi the Carver, a novice HaFi of Yredelemnul (D:8)
  The ghost of Bzzzz the Covert, a novice SpAs of Okawaru (D:7)
  Joseph (D:7)
  The ghost of Flanowski the Sneak, a novice VSEn (D:6)
  A spiny frog (Lair:1)
  A komodo dragon (Lair:1)
  A kobold demonologist (D:9)
  7 yaks
  A human (D:8)
  A steam dragon (D:10)
  4 hogs (D:8)
  A water moccasin (D:5)
  A porcupine (Lair:1)
  An ice beast (D:9)
  4 sky beasts
  6 orc warriors
  2 black bears
  4 ogres
  A necrophage (D:7)
  An eye of draining (D:10)
  4 wolves (Lair:1)
  5 phantoms
  6 centaurs
  A wyvern zombie (D:10)
  A big kobold (D:10)
  Blork the orc (D:6)
  10 bullfrogs
  10 killer bees (D:10)
  A scorpion (D:10)
  4 howler monkeys
  3 wights
  3 crimson imps
  2 hounds
  A jelly (D:8)
  A bullfrog skeleton (D:5)
  7 orc priests
  5 orc wizards
  3 iguanas
  11 worker ants
  A hound zombie (D:5)
  2 hound skeletons
  7 adders
  3 gnolls (D:4)
  A howler monkey skeleton (D:7)
  A shadow imp (D:5)
  An ooze (D:4)
  An adder skeleton (D:9)
  3 worms
  2 leopard geckos (D:1)
  26 orcs
  7 bats
  15 giant cockroaches
  6 goblins
  8 hobgoblins
  5 jackals
  7 quokkas
  4 ball pythons
  7 frilled lizards
  10 kobolds
  5 rats
244 creatures vanquished.

Vanquished Creatures (others)
  A jackal (D:10)
  A fungus (Lair:1)
  2 plants (D:10)
4 creatures vanquished.

Grand Total: 248 creatures vanquished

Notes
Turn   | Place    | Note
-------+----------+-------------------------------------------
     0 | D:1      | Flanowski the Vine Stalker Enchanter began the quest for the Orb.
     0 | D:1      | Reached XP level 1. HP: 9/9 MP: 4/4
    52 | D:1      | Reached skill level 1 in Short Blades
    52 | D:1      | Reached XP level 2. HP: 3/13 MP: 0/6
   846 | D:1      | Reached XP level 3. HP: 17/17 MP: 7/7
  1299 | D:2      | Reached skill level 4 in Stealth
  1358 | D:2      | Learned a level 2 spell: Ensorcelled Hibernation
  1780 | D:2      | Gained mutation: Your natural rate of healing is unusually fast. [Vine Stalker growth]
  1780 | D:2      | Reached XP level 4. HP: 5/21 MP: 6/8
  2394 | D:3      | Reached skill level 1 in Fighting
  2439 | D:3      | Found an iron altar of Okawaru.
  2854 | D:4      | Noticed an orc warrior
  2888 | D:4      | Reached XP level 5. HP: 22/25 MP: 7/9
  2964 | D:4      | Noticed a sky beast
  3073 | D:4      | Killed a sky beast
  3073 | D:4      | Reached skill level 5 in Stealth
  3073 | D:4      | Reached XP level 6. HP: 22/30 MP: 2/11
  3206 | D:4      | Reached skill level 1 in Ice Magic
  3440 | D:4      | Found a bloodstained altar of Trog.
  3984 | D:5      | Entered Level 5 of the Dungeon
  4082 | D:5      | Noticed a phantom
  4090 | D:5      | Killed a phantom
  4090 | D:5      | Reached XP level 7. HP: 31/33 MP: 10/12
  4103 | D:5      | Found a stormy altar of Qazlal.
  4132 | D:5      | Reached skill level 6 in Stealth
  4138 | D:5      | Learned a level 3 spell: Confuse
  4142 | D:5      | Learned a level 3 spell: Tukima's Dance
  4206 | D:5      | Found a sacrificial altar of Ru.
  4477 | D:5      | Found a glowing drain.
  4915 | D:6      | Gained mutation: You have razor-sharp teeth. [Vine Stalker growth]
  4915 | D:6      | Reached XP level 8. HP: 39/39 MP: 11/14
  4970 | D:6      | Reached skill level 7 in Stealth
  5095 | D:6      | Noticed Flanowski's ghost (novice VSEn)
  5334 | D:6      | Found a staircase to the Ecumenical Temple.
  5340 | Temple   | Entered the Ecumenical Temple
  5396 | Temple   | Became a worshipper of Dithmenos the Shadowed
  5451 | D:6      | Noticed Blork the orc
  5465 | D:6      | Killed Blork the orc
  6056 | D:7      | Noticed Bzzzz's ghost (novice SpAs)
  6061 | D:7      | Reached XP level 9. HP: 43/43 MP: 15/17
  6094 | D:7      | Noticed Joseph
  6107 | D:7      | Killed Joseph
  6107 | D:7      | Reached skill level 8 in Stealth
  6107 | D:7      | Reached skill level 5 in Spellcasting
  6107 | D:7      | Reached skill level 5 in Hexes
  6262 | D:7      | Found a basalt altar of Yredelemnul.
  6394 | D:6      | Killed Flanowski's ghost
  6717 | D:7      | Found a glowing golden altar of the Shining One.
  7004 | D:7      | Found a shattered altar of Ashenzari.
  7277 | D:7      | Killed Bzzzz's ghost
  7362 | D:7      | Reached * piety under Dithmenos
  7408 | D:7      | Reached XP level 10. HP: 49/49 MP: 18/20
  7450 | D:7      | Reached skill level 5 in Short Blades
  7450 | D:7      | Reached skill level 5 in Dodging
  7751 | D:8      | Reached skill level 9 in Stealth
  7971 | D:8      | Noticed Geomchi's ghost (novice HaFi)
  8202 | D:8      | Killed Geomchi's ghost
  8666 | D:8      | Found a white marble altar of Elyvilon.
  8782 | D:9      | Found a glowing silver altar of Zin.
  8812 | D:9      | Got a crude rapier
  8870 | D:9      | Reached ** piety under Dithmenos
  8874 | D:9      | Identified the +10 rapier of Discretion {pierce, *Slow rPois rF+ Str+8} (You found it on level 9 of the Dungeon)
  8972 | D:9      | Found a staircase to the Lair.
  8979 | D:9      | Found a stormy altar of Qazlal.
  9100 | D:9      | Found a burning altar of Makhleb.
  9100 | D:9      | Found a radiant altar of Vehumet.
  9184 | D:9      | Found Ralower's Antique Armour Shoppe.
  9236 | D:9      | Noticed a kobold demonologist
  9241 | D:9      | Noticed a sun demon
  9243 | D:9      | Killed a kobold demonologist
  9243 | D:9      | Reached skill level 10 in Stealth
  9321 | D:9      | Found Jejudono's Book Shoppe.
  9337 | D:9      | Learned a level 3 spell: Dazzling Spray
  9339 | D:9      | Found Koukhladu's Food Shoppe.
  9346 | D:9      | Got a pair of slimy gloves
  9357 | D:9      | Identified the +1 pair of gloves "Untafem" {Str+2} (You found it on level 9 of the Dungeon)
  9498 | D:10     | Entered Level 10 of the Dungeon
  9530 | D:10     | Reached XP level 11. HP: 46/54 MP: 21/21
  9564 | D:10     | Found Durib's Assorted Antiques.
  9605 | D:10     | Reached skill level 5 in Fighting
  9694 | D:10     | HP: 2/55 [orc priest/divine providence (10)]
 10101 | D:10     | Reached *** piety under Dithmenos
 10348 | Lair:1   | Entered Level 1 of the Lair of Beasts
 10428 | Lair:1   | Noticed Nergalle
 10429 | Lair:1   | Killed Nergalle
 10465 | Lair:1   | Noticed a four-headed hydra
 10470 | Lair:1   | Killed a four-headed hydra
 10470 | Lair:1   | Reached skill level 11 in Stealth
 10784 | Lair:1   | Noticed a four-headed hydra
 10804 | Lair:1   | HP: 1/56 [four-headed hydra (8)]
 10807 | Lair:1   | Mangled by a four-headed hydra

Vault maps used:
D:1:      dpeg_arrival_rhombus
D:2:      serial_glass, glass_columns_c, glass_columns_b, grunt_ministairs_6
D:3:      okawaru_trees_2, first_bread
D:4:      lemuel_doored_altar
D:5:      nicolae_overflow_crystal_walls, gup_sewer_entry_bowl,
          grunt_qazlal_sundering
D:6:      st_stairs_7, uniq_blork_the_orc
D:7:      cheibrodos_two_vegetables, grunt_temple_overflow_holy_war,
          evilmike_ruin_ashenzari, uniq_joseph
D:8:      nicolae_overflow_hidden_temple, grunt_livestock
D:9:      grunt_temple_overflow_lords_of_destruction, overflow_temple_1_default,
          lemuel_round_altar, dpeg_lair_monsters, serial_shops,
          nicolae_shop_trees, nicolae_shop_crystal, kennysheep_mini_moat
D:10:     serial_shops, nicolae_shop_overgrown_old_shop
Temple:   cyrus_temple_forest
Lair:1:   lemuel_slime, uniq_nergalle

Skill      XL: |  1  2  3  4  5  6  7  8  9 10 11 |
---------------+----------------------------------+-----
Short Blades   | 1 2 3 4 6 8 |  8.0
Stealth        | 4 5 6 7 8 10 11 | 11.2
Dodging        | 2 3 4 5 6 |  6.3
Fighting       | 1 2 3 4 5 |  5.5
Ice Magic      | 1 2 3 |  3.9
Spellcasting   | 3 4 6 |  6.8
Hexes          | 4 5 6 7 |  7.2
Conjurations   | |  0.6

Action                   |  1- 3 |  4- 6 |  7- 9 | 10-12 || total
-------------------------+-------+-------+-------+-------++-------
Melee: Dagger            |   135 |   130 |   746 |   226 ||  1237
       Bite              |    28 |    43 |   100 |   131 ||   302
       Rapier            |       |       |       |   183 ||   183
 Cast: Ensorcelled Hiber |       |    25 |    34 |    19 ||    78
       Corona            |       |     1 |     5 |       ||     6
       Confuse           |       |       |    17 |     5 ||    22
       Dazzling Spray    |       |       |       |     2 ||     2
Invok: Shadow Step       |       |       |       |     1 ||     1
  Use: Scroll            |       |       |    10 |     7 ||    17
       Potion            |       |       |     1 |    10 ||    11
 Stab: Sleeping          |     7 |    17 |    26 |    21 ||    71
       Distracted        |     1 |       |     1 |     5 ||     7
       Confused          |       |       |     3 |       ||     3
       Invisible         |       |       |       |     1 ||     1
  Eat: Chunk             |     3 |     9 |     6 |    13 ||    31
       Bread ration      |       |       |     2 |       ||     2
Armor: Robe              |    40 |    22 |   159 |    27 ||   248
Dodge: Dodged            |   100 |    57 |   316 |   236 ||   709
Block: Other             |       |       |       |    18 ||    18
       Reflection        |       |       |       |     2 ||     2
